 Dungeon Crawl Stone Soup version 0.16.1-4-g8e1b745 (webtiles) character file.

97 talyn the Insei (level 4, -2/23 HPs)
             Began as a Vine Stalker Monk on Mar 27, 2015.
             Killed from afar by Ijyb (5 damage)
             ... with a wand of flame
             ... on level 3 of the Dungeon.
             The game lasted 00:03:57 (1778 turns).

talyn the Insei (Vine Stalker Monk)                 Turns: 1778, Time: 00:03:57

Health: -2/23      AC:  3    Str: 14    XL:     4   Next: 68%
Magic:  0/5        EV: 13    Int: 10    God:
Gold:   89         SH:  0    Dex: 17    Spells: 0 memorised, 3 levels left

rFire  . . .     SeeInvis .       - Unarmed
rCold  . . .     Clarity  .     a - +0 robe
rNeg   . . .     SustAb   .     (no shield)
rPois  .         Gourm    .     h - +0 hat
rElec  .         Spirit   +     (no cloak)
rCorr  .         Warding  .     c - +0 pair of gloves (curse)
rMut   .         Rnd*Tele +     (no boots)
MR     .....                    (no amulet)
Stlth  ++........               (no ring)
                                j - ring of teleportation (curse)

@: not resistant to hostile enchantments, unstealthy
A: fangs 2, regeneration 1, magic shield, antimagic bite, no device heal 3, rot
immunity
a: Evoke Teleportation


You were on level 3 of the Dungeon.
You were not hungry.

You visited 1 branch of the dungeon, and saw 3 of its levels.

You collected 89 gold pieces.

Inventory:

Armour
 a - a +0 robe (worn)
 c - a cursed +0 pair of gloves (worn)
 h - a +0 hat (worn)
Jewellery
 j - a cursed ring of teleportation (left hand)
Scrolls
 e - a scroll of fear
Potions
 k - a potion of might
 l - a potion of curing
Comestibles
 b - a bread ration
 f - a royal jelly
 g - a beef jerky
 i - 4 fruits


   Skills:
 - Level 2.6 Fighting
 - Level 2.4 Dodging
 - Level 2.4 Stealth
 + Level 5.9 Unarmed Combat


You had 3 spell levels left.
You didn't know any spells.

Dungeon Overview and Level Annotations

Branches:
Dungeon (3/15)

Altars:
Sif Muna

Annotations:
D:3 Ijyb


Innate Abilities, Weirdness & Mutations

You have extremely sharp teeth.
Your natural rate of healing is unusually fast.
When hurt, damage is shared between your health and your magic reserves.
Your bite disrupts and absorbs the magic of your enemies.
Potions and wands cannot restore your health.
You are immune to rotting.


Message History

You miss Ijyb.
Ijyb is heavily wounded.
The bat closely misses you.
Ijyb zaps a wand.
The puff of flame misses you.
You hit Ijyb. Your bite misses Ijyb.
Ijyb is heavily wounded.
The bat hits you but does no damage. Ijyb completely misses you.
You closely miss Ijyb. Your bite misses Ijyb.
Ijyb is heavily wounded.
The bat hits you but does no damage. The bat hits you.
* * * LOW HITPOINT WARNING * * *
Ijyb zaps a wand.
The puff of flame hits you!
* * * LOW HITPOINT WARNING * * *
You are too injured to fight recklessly!
You hit Ijyb!
Ijyb is almost dead.
The bat hits you but does no damage.
You barely miss Ijyb. You bite Ijyb. You drain his power.
You feel invigorated.
Ijyb is almost dead.
Ijyb zaps a wand.
The puff of flame hits you!
You die...

#. ######.....#
.#.####$..........
......##.# #......#
......>##.###......#
......).##...#.##.#<##
........##.#.#.##....###
.#.........#.......#....
..........#####...#...###
.......b@...#...#....##
.......g.##.#.######.#
........##..........#
#####################


You could see Ijyb and a bat.

Vanquished Creatures
  4 adders (D:2)
  A worm (D:2)
  A giant gecko (D:1)
  An orc (D:2)
  6 bats
  2 giant cockroaches
  5 goblins
  8 hobgoblins
  4 jackals (D:1)
  A ball python (D:2)
  A giant newt (D:1)
  5 kobolds
  14 rats
53 creatures vanquished.

Notes
Turn   | Place    | Note
--------------------------------------------------------------
     0 | D:1      | talyn, the Vine Stalker Monk, began the quest for the Orb.
     0 | D:1      | Reached XP level 1. HP: 11/11 MP: 1/1
   144 | D:1      | Reached XP level 2. HP: 10/16 MP: 3/3
   571 | D:1      | Reached XP level 3. HP: 17/19 MP: 4/4
   583 | D:1      | Reached skill level 5 in Unarmed Combat
  1065 | D:2      | Reached XP level 4. HP: 19/23 MP: 5/5
  1273 | D:2      | Found a deep blue altar of Sif Muna.
  1746 | D:3      | Noticed Ijyb
  1778 | D:3      | Killed from afar by Ijyb

Action                   |  1- 3 |  4- 6 || total
-------------------------+-------+-------++-------
Melee: Unarmed           |   117 |    55 ||   172
  Use: Scroll            |     6 |     2 ||     8
 Stab: Sleeping          |     6 |     1 ||     7
  Eat: Bread ration      |     1 |       ||     1
